 Dungeon Crawl Stone Soup version 0.31-a0-180-g519b7de00c (webtiles) character file.

Game seed: 17392447674167062604

238 Moral the Sneak (level 6, 0/42 HPs)
             Began as an Octopode Brigand on June 19, 2023.
             Slain by an ice beast (6 damage)
             ... on level 5 of the Dungeon.
             The game lasted 00:05:55 (2944 turns).

Moral the Sneak (Octopode Brigand)                  Turns: 2944, Time: 00:05:55

Health: 0/42       AC:  1    Str: 10    XL:     6   Next: 7%
Magic:  15/15      EV: 13    Int: 14    God:
Gold:   182        SH:  5    Dex: 15    Spells: 5/5 levels left

rFire   . . .        i - +4 dagger
rCold   . . .        (no shield)
rNeg    . . .        (helmet restricted)
rPois   .            p - amulet of reflection
rElec   .            n - ring of magical power
rCorr   .            (no ring)
SInv    .            (no ring)
Will    .....        (no ring)
Stlth   +++++        (no ring)
HPRegen 0.27/turn    (no ring)
MPRegen 0.14/turn    (no ring)
                     (no ring)

%: reflection
@: no status effects
A: almost no armour, amphibious, 8 rings, camouflage 1, gelatinous body 1,
(nimble swimmer 1), tentacles
a: no special abilities


You were on level 5 of the Dungeon.
You visited 1 branch of the dungeon, and saw 5 of its levels.

You collected 182 gold pieces.

Inventory:

Hand Weapons
 i - a +4 dagger (weapon)
Missiles
 b - 22 poisoned darts (quivered)
 c - 3 curare-tipped darts
Jewellery
 n - a ring of magical power (left tentacle)
 p - an amulet of reflection (around mantle)
Wands
 k - a wand of charming (11)
Scrolls
 d - a scroll of revelation {unknown}
 f - 2 scrolls of immolation
 g - a scroll of butterflies
 l - a scroll of fog
 m - 2 scrolls of teleportation
 q - a scroll of enchant weapon {unknown}
Potions
 a - a potion of might {unknown}
 e - a potion of lignification
 h - a potion of curing {unknown}
 j - a potion of resistance
 o - a potion of brilliance


   Skills:
 + Level 3.1 Fighting
 + Level 3.2 Short Blades
 - Level 2.0 Throwing
 + Level 2.5 Dodging
 * Level 7.6 Stealth


You had 5 spell levels left.
You didn't know any spells.
Your spell library contained the following spells:

 Spells                   Type           Power      Damage    Failure   Level
 Inner Flame              Hex/Fire       0%         N/A       65%         3
 Stone Arrow              Conj/Erth      0%         3d7       65%         3
 Swiftness                Air            0%         N/A       65%         3
 Anguish                  Hex/Necr       0%         N/A       96%         4
 Flame Wave               Conj/Fire      0%         2d4       96%         4
 Sticky Flame             Conj/Fire      0%         2d3       96%         4
 Borgnjor's Revivificati  Necr           0%         N/A       100%        8
 Lehudib's Crystal Spear  Conj/Erth      0%         10d2      100%        8
 Animate Armour           Summ/Erth      Unusable   N/A       N/A         4

Dungeon Overview and Level Annotations

Branches:
Dungeon (5/15)             Temple (0/1) D:4

Altars:

Shops:
D:3 (   D:4 *


Innate Abilities, Weirdness & Mutations

You cannot wear most types of armour.
You are amphibious.
You can wear up to eight rings at the same time.
Your skin changes colour to match your surroundings (Stealth+).
Your rubbery body absorbs attacks. (AC +1, EV +1)
((You are camouflaged when in or above water. (Stealth+)))
You have tentacles for arms and can constrict up to eight enemies at once.


Message History

You hit the ice beast.
The ice beast is moderately wounded.
You hit the ice beast.
The ice beast is heavily wounded.
The ice beast completely misses you. The orc barely misses you.
You hit the ice beast but do no damage.
The ice beast is heavily wounded.
The ice beast closely misses you. The orc misses you.
You hit the ice beast.
The ice beast is heavily wounded.
The ice beast hits you. The ice beast freezes you. The orc closely misses you.
You barely miss the ice beast.
The ice beast is heavily wounded.
The ice beast completely misses you. The orc hits you with a +0 club.
You hit the ice beast but do no damage. You squeeze the ice beast.
The ice beast is severely wounded.
The ice beast misses you. The orc misses you.
You hit the ice beast.
The ice beast is almost dead.
The ice beast barely misses you. The orc hits you with a +0 club.
You hit the ice beast. Your squeeze misses the ice beast.
The ice beast is almost dead.
You hit the ice beast but do no damage.
You squeeze the ice beast, but do no damage.
The ice beast is almost dead.
The ice beast hits you. The ice beast freezes you.
* * * LOW HITPOINT WARNING * * *
The orc hits you with a +0 club.
* * * LOW HITPOINT WARNING * * *
You barely miss the ice beast.
Your tentacle-slap misses the ice beast.
Your squeeze misses the ice beast.
The ice beast is almost dead.
You block the ice beast's attack. The orc barely misses you.
You hit the ice beast.
The ice beast is almost dead.
The ice beast hits you.
* * * LOW HITPOINT WARNING * * *
The ice beast freezes you.
You die...

. ##### ...
#...###:...
#..........
#..@Y......
#..o.?.....
+..........
#.##.##....
#. ## ###
o. .. ...


You could see an ice beast and 2 orcs.

Vanquished Creatures
  An orc priest (D:3)
  2 orc wizards
  5 adders
  4 worms
  4 dart slugs
  10 orcs
  3 ball pythons
  11 endoplasms
  7 giant cockroaches
  6 goblins
  6 hobgoblins
  A quokka (D:1)
  9 bats
  7 frilled lizards
  5 kobolds
  5 rats
86 creatures vanquished.

Notes
Turn   | Place    | Note
-------+----------+-------------------------------------------
     0 | D:1      | Moral the Octopode Brigand began the quest for the Orb.
     0 | D:1      | Reached XP level 1. HP: 14/14 MP: 1/1
    87 | D:1      | Found Remnisio's Weapon Boutique.
   104 | D:1      | Reached XP level 2. HP: 6/19 MP: 2/2
   407 | D:1      | Reached XP level 3. HP: 16/24 MP: 3/3
   495 | D:1      | Reached skill level 6 in Stealth
   515 | D:1      | Got the Papyrus of Atmospheric Evil Rituals
  1523 | D:3      | Reached XP level 4. HP: 23/30 MP: 4/4
  1683 | D:3      | Reached XP level 5. HP: 36/36 MP: 5/5
  1701 | D:3      | Reached skill level 7 in Stealth
  1812 | D:3      | Found Udot Moilesa's Antique Weapon Shop.
  2344 | D:4      | Found Elacraso's Elemental Accessories.
  2521 | D:4      | Found a staircase to the Ecumenical Temple.
  2577 | D:4      | Reached XP level 6. HP: 42/42 MP: 6/6
  2927 | D:5      | Entered Level 5 of the Dungeon
  2927 | D:5      | Noticed an ice beast
  2944 | D:5      | Slain by an ice beast

Illustrated notes

Levels and vault maps discovered:
D:1:      evilmike_arrival_rings, layout_rooms, serial_shops,
          nicolae_shop_bloodbath_and_beyond
D:2:      layout_loops_ring
D:3:      layout_loops_ring, serial_shops, shop, minmay_starry_boxes
D:4:      layout_basic, minmay_temple_entry_enclosed_plants,
          nicolae_elemental_shop, minmay_misc_feat_roman
D:5:      layout_gridville

Skill      XL: |  1  2  3  4  5 |
---------------+----------------+-----
Stealth        | 6 7 |  7.6
Dodging        | 2 |  2.5
Short Blades   | 3 |  3.2
Fighting       | 3 |  3.1
Throwing       | |  2.0

Action                     |  1- 3 |  4- 6 || total
---------------------------+-------+-------++-------
  Melee: Dagger            |    93 |    88 ||   181
         Constrict         |    17 |    13 ||    30
         Tentacles         |     7 |    13 ||    20
         Punch             |     1 |       ||     1
    Use: Scroll            |     2 |     7 ||     9
   Stab: Sleeping          |     9 |    22 ||    31
 Armour: Skin              |    14 |     3 ||    17
  Dodge: Dodged            |    52 |    41 ||    93
  Block: Other             |       |     2 ||     2

Table legend: (Time is in decaauts)
 A = Elapsed time spent in this place.
 B = Non-inter-level travel time spent in this place.
 C = Inter-level travel time spent in this place.
 D = Time resting spent in this place.
 E = Time spent auto-exploring this place.
 F = Levels seen in this place.
 G = Mean time per level.
                   A        B        C        D        E       F      G
               +--------+--------+--------+--------+--------+-----+--------+
         Total |   2918 |   2819 |     99 |     78 |   2127 |   5 |  583.6 |
       Dungeon |   2918 |   2819 |     99 |     78 |   2127 |   5 |  583.6 |
               +--------+--------+--------+--------+--------+-----+--------+

Top non-repeatable levels by time:
     D:2: 735 daAuts
     D:1: 729 daAuts
     D:3: 723 daAuts
     D:4: 717 daAuts
     D:5: 13 daAuts
